 Dungeon Crawl Stone Soup version 0.30.0-20-g3615ddf2f0 (webtiles) character file.

Game seed: 5091183633423716932

19875 qw the Cleaver (level 12, -6/77 HPs)
             Began as a Gargoyle Fighter on May 29, 2023.
             Was an Elder of Okawaru.
             Mangled by a death yak (17 damage)
             ... on level 3 of the Lair of Beasts.
             The game lasted 00:05:18 (12314 turns).

qw the Cleaver (Gargoyle Fighter)                  Turns: 12314, Time: 00:05:19

Health: -6/77      AC: 29    Str: 24    XL:     12   Next: 73%
Magic:  19/19      EV:  9    Int: 10    God:    Okawaru [****..]
Gold:   655        SH:  6    Dex:  9    Spells: 11/11 levels left

rFire   . . .        Y - +1 broad axe (venom)
rCold   + . .        c - +0 buckler
rNeg    + . .        p - +0 plate armour
rPois   inf          e - +1 helmet
rElec   +            h - +0 cloak
rCorr   .            (no gloves)
SInv    +            (no boots)
Will    .....        (no amulet) Stlth
                     s - ring of the Okapi {Ice SInv}
HPRegen 0.32/turn    q - ring of protection from fire
MPRegen 0.16/turn

%: no passive effects
@: about to teleport, heroic
A: sickness immunity, AC +8, negative energy resistance 1, electricity
resistance, torment resistance 1, petrification resistance, talons 1
a: Renounce Religion, Heroism, Finesse


You were on level 3 of the Lair of Beasts.
You worshipped Okawaru.
Okawaru was greatly pleased with you.
You visited 3 branches of the dungeon, and saw 14 of its levels.
You also visited: Sewer.

You collected 742 gold pieces.
You spent 87 gold pieces at shops.


Innate Abilities, Weirdness & Mutations

You are immune to sickness and miasma.
Your stone body is resilient. (AC +8)
You are immune to poison.
You resist negative energy. (rN+)
You are resistant to electric shocks. (rElec)
You are resistant to unholy torment.
You are immune to petrification.
You have sharp toenails.


   Skills:
 - Level 10.0(15.0) Fighting
 + Level 13.1(18.1) Axes
 - Level 3.1(8.1) Throwing
 - Level 9.0(14.0) Armour
 - Level 2.1(7.1) Dodging
 - Level 6.0(11.0) Shields
 - Level 10.0 Invocations


You had 11 spell levels left.
You didn't know any spells.
Your spell library was empty.

Inventory:

Hand Weapons
 t - a +0 morningstar
 Y - a +1 broad axe of venom (weapon)
Missiles
 g - 5 boomerangs (quivered)
Armour
 c - a +0 buckler (worn)
 e - a +1 helmet (worn)
 h - a +0 cloak (worn)
 j - the +4 buckler "Eda Iruf" {-Tele rN+ Stlth+}
   (You acquired it on level 8 of the Dungeon)

   rN:        It protects you from negative energy.
   -Tele:     It prevents most forms of teleportation.
   Stlth:     It makes you more stealthy.
 p - a +0 plate armour (worn)
Jewellery
 i - the ring of Ru, Loving {rElec rCorr MP+9 Int+5 Stlth-}
   (You acquired it on level 8 of the Dungeon)

   [ring of magical power]

   Int:       It affects your intelligence (+5).
   rElec:     It insulates you from electricity.
   MP:        It affects your magic capacity (+9).
   rCorr:     It protects you from acid and corrosion.
   Stlth:     It makes you less stealthy.
 q - a ring of protection from fire (right hand)
 s - the ring of the Okapi (left hand) {Ice SInv}
   (You acquired it on level 8 of the Dungeon)

   [ring of ice]

   It enhances your ice magic.
   rF:        It makes you vulnerable to fire.
   rC:        It protects you from cold.
   SInv:      It lets you see invisible.
 w - a ring of ice
 y - a +6 ring of dexterity
Scrolls
 b - 3 scrolls of teleportation
 f - 5 scrolls of identify
Potions
 a - a potion of haste
 d - 3 potions of might
 k - a potion of resistance
 l - 5 potions of lignification
 m - 2 potions of heal wounds
 u - a potion of attraction
 x - 2 potions of mutation
 z - a potion of cancellation

Dungeon Overview and Level Annotations

Branches:
Dungeon (10/15)            Temple (1/1) D:4            Lair (3/5) D:10
 Spider (0/4) Lair:3        Sewer (visited)
  Swamp: Lair:2-3    Shoals: Lair:2-3       Orc: D:9-12

Altars:
Ashenzari
Cheibriados
Dithmenos
Elyvilon
Fedhas
Gozag
Hepliaklqana
Kikubaaqudgha
Makhleb
Nemelex Xobeh
Okawaru
Qazlal
Ru
Sif Muna
Trog
Uskayaw
Vehumet
Wu Jian
Xom
Yredelemnul
Zin
The Shining One

Shops:
D:4 *

Annotations:
D:8 3 runed translucent doors, qw's ghost, novice GrFi


Message History

The death yak is moderately wounded.
You hit the death yak. You block the death yak's attack.
The death yak gores you!
You completely miss the death yak.
The death yak is heavily wounded.
You slash the death yak!
The death yak looks as sick as possible!
You barely miss the skyshark. The skyshark closely misses you.
The skyshark tail-slaps you but does no damage. x2
You slash the death yak!
The death yak looks as sick as possible!
You claw the death yak, but do no damage.
The death yak is severely wounded.
You slash the skyshark!
The skyshark looks as sick as possible!
You hit the death yak.
The death yak looks as sick as possible!
The death yak barely misses you. The death yak gores you.
The skyshark barely misses you.
The skyshark tail-slaps you but does no damage. x2
You completely miss the death yak.
You claw the death yak, but do no damage.
The death yak is severely wounded.
You hit the skyshark.
The skyshark looks as sick as possible!
You completely miss the death yak. The death yak gores you! x2
You hit the death yak but do no damage.
The death yak looks as sick as possible!
You claw the death yak.
The death yak is almost dead.
You slash the death yak!
The death yak looks as sick as possible!
You hit the skyshark.
The skyshark looks as sick as possible!
The skyshark bites you!
The skyshark tail-slaps you but does no damage. x2
12314 ||| READING 4 scrolls of teleportation.
As you read the scroll of teleportation, it crumbles to dust.
You feel strangely unstable. The death yak gores you!
You die...

### ## #################
##...#.##.#.#.#.##.#P#..#
.....YYYY................
.....#l@###P............
......Y### ##............
.....Y# #.....##...#P
P..... ##....#.##.##
#P... #.....#...... .....
##....##..... #...
##....##....# #...
#.....####.##
#......P.##..


You could see 4 death yaks, a skyshark (extremely poisoned) and 2 yaks.

Vanquished Creatures
  A fire dragon (Lair:2)
  Harold (D:9)
  A hydra (Lair:3)
  Erica (D:8)
  A death yak (Lair:3)
  A two-headed ogre (D:9)
  A skyshark (Lair:2)
  8 elephants
  3 cane toads
  A rime drake (Lair:3)
  3 komodo dragons
  A polar bear (Lair:2)
  4 blink frogs (Lair:3)
  A vampire (D:5)
  19 yaks
  4 wyverns
  A wraith (D:9)
  2 basilisks
  3 vampire mosquitoes (D:7)
  A hell hound (D:10)
  10 water moccasins
  An orc warrior (D:6)
  A sky beast (D:6)
  5 black bears
  An ogre (D:7)
  8 centaurs
  4 wolves (Lair:2)
  A phantom (D:7)
  2 kobold brigands (Sewer)
  11 bullfrogs
  10 scorpions
  8 wights
  5 killer bees (D:9)
  3 howler monkeys
  3 orc priests
  3 hounds
  2 sleepcaps
  6 iguanas
  Ijyb (D:3)
  7 orc wizards
  4 gnolls (D:4)
  5 adders
  2 river rats (Sewer)
  A shadow imp (D:5)
  3 white imps
  2 ufetubi (D:6)
  5 worms
  A dart slug (D:4)
  25 orcs
  5 bats
  5 endoplasms
  5 giant cockroaches
  8 goblins
  4 hobgoblins
  6 jackals
  2 quokkas (D:3)
  4 ball pythons
  10 frilled lizards
  9 kobolds
  10 rats
  A fire vortex (Lair:2)
267 creatures vanquished.

Notes
Turn   | Place    | Note
-------+----------+-------------------------------------------
     0 | D:1      | qw the Gargoyle Fighter began the quest for the Orb.
     0 | D:1      | Reached XP level 1. HP: 14/14 MP: 1/1
     0 | D:1      | 0 ||| qw: Version: 0.2-a-102-g2b76a06
     0 | D:1      | 0 ||| qw: Game counter: 429
     0 | D:1      | 0 ||| qw: Always use a shield: true
     0 | D:1      | 0 ||| qw: God list: Okawaru
     0 | D:1      | 0 ||| qw: Allow faded altars: false
     0 | D:1      | 0 ||| qw: Do Orc after D:15 true
     0 | D:1      | 0 ||| qw: Do second Lair branch before Depths: true
     0 | D:1      | 0 ||| qw: Lair rune preference: random
     0 | D:1      | 0 ||| qw: Plans: Normal, Zot:1-4, Slime:5, God:TSO, Crypt,
                  | Tomb, Pan, Hells, Abyss, Win
     0 | D:1      | 0 ||| PLANNING D:1-11
    22 | D:1      | Reached skill level 2 in Axes
    31 | D:1      | 31 ||| Stepping ~*~*~tactically~*~*~ (stealth).
    41 | D:1      | Reached XP level 2. HP: 18/19 MP: 2/2
   106 | D:1      | 106 ||| Stepping ~*~*~tactically~*~*~ (hiding).
   296 | D:1      | 296 ||| Stepping ~*~*~tactically~*~*~ (stealth).
   351 | D:1      | Reached skill level 3 in Axes
   411 | D:1      | 411 ||| Stepping ~*~*~tactically~*~*~ (stealth).
   419 | D:1      | Reached XP level 3. HP: 18/23 MP: 3/3
   586 | D:1      | 586 ||| DROPPING +0 club.
   587 | D:1      | 587 ||| DROPPING +2 mace of protection.
   903 | D:1      | 903 ||| UPGRADING to +0 cloak.
   908 | D:1      | 908 ||| READING scroll labelled OPNUNN CIDIEK.
   909 | D:1      | 909 ||| READING scroll labelled ETUSU GONORIS.
   910 | D:1      | 910 ||| READING scroll labelled QYG ISEONACUGG.
   915 | D:1      | 915 ||| READING 2 scrolls labelled XENEFIAFUON.
   916 | D:1      | 916 ||| DRINKING 2 golden potions.
   940 | D:1      | 940 ||| DROPPING scroll of summoning.
   985 | D:2      | 985 ||| STAIRDANCE
  1283 | D:2      | You fall into a shaft and drop 1 floor!
  1304 | D:3      | Reached XP level 4. HP: 28/28 MP: 4/4
  1388 | D:3      | 1388 ||| UPGRADING to +0 helmet.
  1393 | D:3      | 1393 ||| UPGRADING to +0 chain mail.
  1403 | D:3      | 1403 ||| DROPPING +0 scale mail.
  1404 | D:3      | 1404 ||| UPGRADING to +6 ring of dexterity.
  1405 | D:3      | 1405 ||| DRINKING 2 sapphire potions.
  1406 | D:3      | 1406 ||| DRINKING 2 lumpy cyan potions.
  1407 | D:3      | 1407 ||| READING 2 scrolls of identify.
  1407 | D:3      | 1407 ||| IDENTIFYING sedimented pink potion
  1408 | D:3      | 1408 ||| DRINKING potion of experience.
  1408 | D:3      | Reached skill level 11 in Axes
  1408 | D:3      | Reached XP level 5. HP: 32/32 MP: 5/5
  1577 | D:3      | 1577 ||| DROPPING +0 flail.
  1658 | D:3      | Found a bloodstained altar of Trog.
  1660 | D:3      | Found a broken altar of Ashenzari.
  1662 | D:3      | Found a burning altar of Makhleb.
  1673 | D:3      | Found a radiant altar of Vehumet.
  1676 | D:3      | Found a blossoming altar of Fedhas.
  2184 | D:3      | Noticed Ijyb
  2194 | D:3      | Killed Ijyb
  2368 | D:3      | 2368 ||| UPGRADING to ring of protection from fire.
  2369 | D:3      | 2369 ||| READING scroll labelled QOCWEFOGG JIUL.
  2370 | D:3      | 2370 ||| READING scroll labelled YRYCKE BOHIS.
  2482 | D:4      | Reached skill level 1 in Dodging
  2605 | D:4      | Found a staircase to the Ecumenical Temple.
  2606 | D:4      | 2606 ||| PLANNING TEMPLE
  2606 | D:4      | 2606 ||| READING 2 scrolls of identify.
  2606 | D:4      | 2606 ||| IDENTIFYING fizzy white potion
  2607 | D:4      | 2607 ||| DROPPING potion of berserk rage.
  2615 | D:4      | 2615 ||| Stepping ~*~*~tactically~*~*~ (hiding).
  2626 | D:4      | HP: 7/32 [gnoll/+0 flail (6)]
  2627 | D:4      | 2627 ||| READING scroll of teleportation.
  2627 | D:4      | HP: 3/32 [gnoll/+0 halberd (4)]
  2628 | D:4      | 2628 ||| DRINKING 3 potions of heal wounds.
  2630 | D:4      | Reached XP level 6. HP: 34/37 MP: 6/6
  2686 | D:4      | 2686 ||| Stepping ~*~*~tactically~*~*~ (hiding).
  2720 | Temple   | Entered the Ecumenical Temple
  2721 | Temple   | 2721 ||| PLANNING OKAWARU WORSHIP
  2727 | Temple   | Became a worshipper of Warmaster Okawaru
  2727 | Temple   | 2727 ||| PLANNING D:1-11
  2742 | D:4      | 2742 ||| READING 2 scrolls of brand weapon.
  2742 | D:4      | 2742 ||| BRANDING +0 war axe of freezing.
  2743 | D:4      | 2743 ||| READING scroll of brand weapon.
  2743 | D:4      | 2743 ||| BRANDING +0 war axe of venom.
  2751 | D:4      | Found Voestru's Assorted Antiques.
  2759 | D:4      | 2759 ||| SHOPLISTING +4 consecrated labrys {holy, Valiant
                  | Fragile Fly SInv} (1012 gold, have 254).
  2759 | D:4      | 2759 ||| BUYING scroll labelled XEVUECL ZAAWAP (29 gold).
  2759 | D:4      | Bought a scroll labelled XEVUECL ZAAWAP for 29 gold pieces
  2759 | D:4      | 2759 ||| BUYING scroll of identify (58 gold).
  2759 | D:4      | Bought a scroll of identify for 58 gold pieces
  3109 | D:4      | 3109 ||| READING scroll labelled XEVUECL ZAAWAP.
  3110 | D:4      | 3110 ||| DRINKING 3 green potions.
  3111 | D:4      | 3111 ||| READING 2 scrolls of identify.
  3111 | D:4      | 3111 ||| IDENTIFYING white potion
  3112 | D:4      | 3112 ||| DROPPING potion of flight.
  3113 | D:4      | 3113 ||| DROPPING 2 potions of brilliance.
  3128 | D:5      | Entered Level 5 of the Dungeon
  3191 | D:5      | 3191 ||| Stepping ~*~*~tactically~*~*~ (hiding).
  3192 | D:5      | 3192 ||| Stepping ~*~*~tactically~*~*~ (hiding).
  3329 | D:5      | Reached XP level 7. HP: 44/44 MP: 7/7
  3346 | D:5      | 3346 ||| READING scroll of enchant armour.
  3346 | D:5      | 3346 ||| ENCHANTING +0 helmet.
  3361 | D:5      | Reached * piety under Okawaru
  3362 | D:5      | 3362 ||| INVOKING Heroism.
  3619 | D:6      | Noticed a vampire
  3620 | D:6      | 3620 ||| PLANNING SEWER
  3627 | D:6      | 3627 ||| STAIRDANCE
  3638 | D:5      | Killed a vampire
  3761 | D:6      | Reached skill level 1 in Invocations
  3761 | D:6      | Reached XP level 8. HP: 50/50 MP: 8/8
  3796 | D:6      | Identified the +3 dagger of Zysuamon {heavy, rElec rN++
                  | Str+3}
  3822 | D:6      | 3822 ||| Stepping ~*~*~tactically~*~*~ (hiding).
  3864 | D:6      | 3864 ||| INVOKING Heroism.
  3914 | D:6      | 3914 ||| Stepping ~*~*~tactically~*~*~ (stealth).
  3915 | D:6      | 3915 ||| INVOKING Heroism.
  3924 | D:6      | Reached skill level 1 in Throwing
  3940 | D:6      | Reached ** piety under Okawaru
  3943 | D:6      | 3943 ||| INVOKING Heroism.
  3947 | D:6      | Reached skill level 6 in Fighting
  3947 | D:6      | Reached skill level 3 in Invocations
  4233 | D:6      | 4233 ||| INVOKING Heroism.
  4290 | D:6      | Found a glowing drain.
  4291 | D:6      | 4291 ||| UPGRADING to +0 plate armour.
  4301 | D:6      | 4301 ||| DROPPING +0 chain mail.
  4302 | D:6      | 4302 ||| DRINKING 2 viscous cyan potions.
  4322 | Sewer    | Entered a sewer
  4351 | Sewer    | 4351 ||| Stepping ~*~*~tactically~*~*~ (water).
  4357 | Sewer    | 4357 ||| Stepping ~*~*~tactically~*~*~ (stealth).
  4428 | Sewer    | 4428 ||| Stepping ~*~*~tactically~*~*~ (stealth).
  4429 | Sewer    | 4429 ||| Stepping ~*~*~tactically~*~*~ (stealth).
  4430 | Sewer    | 4430 ||| Stepping ~*~*~tactically~*~*~ (stealth).
  4485 | Sewer    | 4485 ||| READING scroll of brand weapon.
  4485 | Sewer    | 4485 ||| BRANDING +0 war axe of protection.
  4486 | Sewer    | 4486 ||| DROPPING +2 flail of protection.
  4637 | Sewer    | Reached XP level 9. HP: 55/55 MP: 12/12
  4880 | Sewer    | 4880 ||| READING scroll labelled YTYOFO YPSYGH.
  4881 | Sewer    | 4881 ||| READING scroll labelled LUAPI PAMOUDA.
  4882 | Sewer    | 4882 ||| DRINKING 3 brown potions.
  4883 | Sewer    | 4883 ||| DROPPING 2 potions of invisibility.
  4928 | D:6      | 4928 ||| PLANNING D:1-11
  5015 | D:7      | 5015 ||| FLEEEEING.
  5016 | D:7      | 5016 ||| FLEEEEING.
  5017 | D:7      | 5017 ||| FLEEEEING.
  5018 | D:7      | 5018 ||| STAIRDANCE
  5078 | D:7      | 5078 ||| INVOKING Heroism.
  5118 | D:7      | 5118 ||| Stepping ~*~*~tactically~*~*~ (stealth).
  5122 | D:7      | 5122 ||| INVOKING Heroism.
  5227 | D:7      | 5227 ||| READING scroll of brand weapon.
  5227 | D:7      | 5227 ||| BRANDING +0 war axe of flaming.
  5464 | D:7      | Reached skill level 6 in Armour
  5468 | D:7      | 5468 ||| INVOKING Heroism.
  5562 | D:7      | 5562 ||| SWAPPING to +1 heavy broad axe.
  5563 | D:7      | 5563 ||| DROPPING +0 war axe of venom.
  5601 | D:7      | 5601 ||| INVOKING Heroism.
  5605 | D:7      | 5605 ||| Stepping ~*~*~tactically~*~*~ (stealth).
  5668 | D:7      | 5668 ||| Stepping ~*~*~tactically~*~*~ (stealth).
  5669 | D:7      | 5669 ||| Stepping ~*~*~tactically~*~*~ (stealth).
  5685 | D:7      | 5685 ||| DROPPING +0 club.
  6036 | D:8      | 6036 ||| Stepping ~*~*~tactically~*~*~ (hiding).
  6037 | D:8      | 6037 ||| Stepping ~*~*~tactically~*~*~ (hiding).
  6131 | D:8      | 6131 ||| Stepping ~*~*~tactically~*~*~ (stealth).
  6155 | D:8      | 6155 ||| Stepping ~*~*~tactically~*~*~ (stealth).
  6171 | D:8      | 6171 ||| DROPPING +0 whip.
  6256 | D:8      | Found a glowing silver altar of Zin.
  6267 | D:8      | Noticed Erica
  6283 | D:8      | Paralysed by something for 5 turns
  6291 | D:8      | Paralysed by something for 5 turns
  6301 | D:8      | 6301 ||| DRINKING potion of curing.
  6301 | D:8      | 6301 ||| (to cure confusion)
  6302 | D:8      | 6302 ||| INVOKING Heroism.
  6309 | D:8      | Killed Erica
  6309 | D:8      | Reached *** piety under Okawaru
  6310 | D:8      | Reached XP level 10. HP: 35/64 MP: 11/13
  6838 | D:8      | Found a runed translucent gate.
  6838 | D:8      | Found a runed translucent gate.
  6839 | D:8      | Found a runed translucent gate.
  6840 | D:8      | Found an opulent altar of Gozag.
  6921 | D:8      | Noticed qw's ghost (novice GrFi)
  7068 | D:8      | 7068 ||| DROPPING amulet of magic regeneration.
  7069 | D:8      | 7069 ||| READING scroll labelled YHORIKLUZXU.
  7070 | D:8      | 7070 ||| READING 3 scrolls labelled EXIKIO KUMO.
  7070 | D:8      | Identified 3 scrolls of acquirement
  7070 | D:8      | 7070 ||| ACQUIRING ring of the Okapi {Ice SInv}
  7070 | D:8      | Acquired the ring of the Okapi {Ice SInv}
  7071 | D:8      | 7071 ||| READING 2 scrolls of acquirement.
  7071 | D:8      | 7071 ||| ACQUIRING +4 buckler "Eda Iruf" {-Tele rN+ Stlth+}
  7071 | D:8      | Acquired the +4 buckler "Eda Iruf" {-Tele rN+ Stlth+}
  7072 | D:8      | 7072 ||| READING scroll of acquirement.
  7072 | D:8      | 7072 ||| ACQUIRING ring of Ru, Loving {rElec rCorr MP+9
                  | Int+5 Stlth-}
  7072 | D:8      | Acquired the ring of Ru, Loving {rElec rCorr MP+9 Int+5
                  | Stlth-}
  7074 | D:8      | 7074 ||| UPGRADING to ring of the Okapi {Ice SInv}.
  7169 | D:9      | 7169 ||| Stepping ~*~*~tactically~*~*~ (stealth).
  7177 | D:9      | 7177 ||| INVOKING Heroism.
  7181 | D:9      | Reached skill level 3 in Throwing
  7433 | D:9      | 7433 ||| Stepping ~*~*~tactically~*~*~ (stealth).
  7443 | D:9      | 7443 ||| INVOKING Heroism.
  7624 | D:9      | Noticed Harold
  7625 | D:9      | 7625 ||| INVOKING Heroism.
  7640 | D:9      | Killed Harold
  7640 | D:9      | Reached **** piety under Okawaru
  7904 | D:9      | Noticed a two-headed ogre
  7905 | D:9      | 7905 ||| INVOKING Heroism.
  7912 | D:9      | Killed a two-headed ogre
  7913 | D:9      | Reached skill level 9 in Fighting
  8071 | D:9      | Identified the +2 leather armour of Gyorazeh {Int+3 Dex+4}
  8367 | D:9      | 8367 ||| READING scroll labelled PIAVAKO GUNELYLO.
  8412 | D:9      | 8412 ||| DRINKING 2 lumpy green potions.
  8412 | D:9      | Gained mutation: You have sharp toenails. [potion of
                  | mutation]
  8439 | D:10     | Entered Level 10 of the Dungeon
  8448 | D:10     | 8448 ||| Stepping ~*~*~tactically~*~*~ (hiding).
  8450 | D:10     | 8450 ||| Stepping ~*~*~tactically~*~*~ (hiding).
  8498 | D:10     | 8498 ||| Stepping ~*~*~tactically~*~*~ (stealth).
  8525 | D:10     | Reached XP level 11. HP: 57/71 MP: 14/14
  8527 | D:10     | 8527 ||| INVOKING Heroism.
  8570 | D:10     | 8570 ||| FLEEEEING.
  8571 | D:10     | 8571 ||| FLEEEEING.
  8572 | D:10     | 8572 ||| FLEEEEING.
  8573 | D:10     | 8573 ||| STAIRDANCE
  8634 | D:9      | 8634 ||| READING 2 scrolls of identify.
  8634 | D:9      | 8634 ||| IDENTIFYING grey potion
  8635 | D:9      | 8635 ||| DROPPING potion of degeneration.
  8648 | D:10     | 8648 ||| INVOKING Heroism.
  8653 | D:10     | Found a staircase to the Lair.
  8823 | D:10     | 8823 ||| FLEEEEING.
  8824 | D:10     | 8824 ||| FLEEEEING.
  8941 | D:10     | 8941 ||| INVOKING Heroism.
  9154 | D:10     | Found a hazy altar of Hepliaklqana.
  9552 | D:10     | 9552 ||| Stepping ~*~*~tactically~*~*~ (stealth).
  9560 | D:10     | 9560 ||| PLANNING LAIR
  9560 | D:10     | 9560 ||| DRINKING 2 sedimented coppery potions.
  9561 | D:10     | 9561 ||| DRINKING potion of curing.
  9561 | D:10     | 9561 ||| (to cure confusion)
  9562 | D:10     | 9562 ||| DROPPING potion of ambrosia.
  9581 | Lair:1   | Entered Level 1 of the Lair of Beasts
  9668 | Lair:1   | Reached skill level 6 in Invocations
  9771 | Lair:1   | 9771 ||| Stepping ~*~*~tactically~*~*~ (stealth).
  9772 | Lair:1   | 9772 ||| INVOKING Heroism.
  9888 | Lair:1   | 9888 ||| Stepping ~*~*~tactically~*~*~ (stealth).
  9911 | Lair:1   | Received a gift from Okawaru
  9914 | Lair:1   | 9914 ||| INVOKING Heroism.
 10132 | Lair:1   | Reached skill level 12 in Axes
 10415 | Lair:1   | 10415 ||| READING 4 scrolls of identify.
 10415 | Lair:1   | 10415 ||| IDENTIFYING fuming ruby potion
 10416 | Lair:1   | 10416 ||| READING 3 scrolls of identify.
 10416 | Lair:1   | 10416 ||| IDENTIFYING dark potion
 10449 | Lair:2   | 10449 ||| INVOKING Heroism.
 10495 | Lair:2   | 10495 ||| INVOKING Heroism.
 10532 | Lair:2   | 10532 ||| Stepping ~*~*~tactically~*~*~ (stealth).
 10538 | Lair:2   | Reached skill level 6 in Shields
 10805 | Lair:2   | Noticed a skyshark
 10813 | Lair:2   | 10813 ||| INVOKING Heroism.
 10815 | Lair:2   | Killed a skyshark
 10816 | Lair:2   | Reached XP level 12. HP: 40/76 MP: 15/18
 10821 | Lair:2   | HP: 19/76 [elephant (1)]
 10822 | Lair:2   | 10822 ||| READING 5 scrolls of teleportation.
 10825 | Lair:2   | 10825 ||| DRINKING 2 potions of heal wounds.
 10980 | Lair:2   | 10980 ||| Stepping ~*~*~tactically~*~*~ (stealth).
 11063 | Lair:2   | 11063 ||| Stepping ~*~*~tactically~*~*~ (stealth).
 11071 | Lair:2   | Reached skill level 9 in Invocations
 11074 | Lair:2   | 11074 ||| INVOKING Heroism.
 11077 | Lair:2   | Reached skill level 9 in Armour
 11209 | Lair:2   | 11209 ||| INVOKING Heroism.
 11211 | Lair:2   | Received a gift from Okawaru
 11438 | Lair:2   | Noticed a fire dragon
 11439 | Lair:2   | 11439 ||| INVOKING Heroism.
 11447 | Lair:2   | Killed a fire dragon
 11629 | Lair:2   | 11629 ||| DRINKING 2 bubbling coppery potions.
 11792 | Lair:3   | Found a hole to the Spider Nest.
 11795 | Lair:3   | 11795 ||| Stepping ~*~*~tactically~*~*~ (stealth).
 11830 | Lair:3   | 11830 ||| READING scroll of brand weapon.
 11830 | Lair:3   | 11830 ||| BRANDING +1 heavy broad axe.
 11920 | Lair:3   | 11920 ||| Stepping ~*~*~tactically~*~*~ (stealth).
 11922 | Lair:3   | 11922 ||| Stepping ~*~*~tactically~*~*~ (stealth).
 11923 | Lair:3   | 11923 ||| Stepping ~*~*~tactically~*~*~ (stealth).
 11924 | Lair:3   | 11924 ||| Stepping ~*~*~tactically~*~*~ (stealth).
 11925 | Lair:3   | 11925 ||| Stepping ~*~*~tactically~*~*~ (stealth).
 11926 | Lair:3   | 11926 ||| Stepping ~*~*~tactically~*~*~ (stealth).
 11927 | Lair:3   | 11927 ||| Stepping ~*~*~tactically~*~*~ (stealth).
 11930 | Lair:3   | 11930 ||| INVOKING Heroism.
 11940 | Lair:3   | Received a gift from Okawaru
 12026 | Lair:3   | Noticed a four-headed hydra
 12027 | Lair:3   | 12027 ||| Stepping ~*~*~tactically~*~*~ (stealth).
 12029 | Lair:3   | 12029 ||| INVOKING Heroism.
 12034 | Lair:3   | 12034 ||| SWAPPING to +0 morningstar.
 12037 | Lair:3   | Killed a four-headed hydra
 12038 | Lair:3   | 12038 ||| SWAPPING to +1 broad axe of venom.
 12200 | Lair:3   | 12200 ||| INVOKING Heroism.
 12288 | Lair:3   | Noticed a skyshark
 12288 | Lair:3   | Noticed a death yak
 12289 | Lair:3   | 12289 ||| Stepping ~*~*~tactically~*~*~ (stealth).
 12290 | Lair:3   | 12290 ||| INVOKING Heroism.
 12292 | Lair:3   | Noticed a death yak
 12297 | Lair:3   | Noticed a death yak
 12299 | Lair:3   | Killed a death yak
 12299 | Lair:3   | Noticed a death yak
 12300 | Lair:3   | Reached skill level 13 in Axes
 12303 | Lair:3   | Noticed a death yak
 12313 | Lair:3   | HP: 11/77 [skyshark (11)]
 12314 | Lair:3   | 12314 ||| READING 4 scrolls of teleportation.
 12314 | Lair:3   | Mangled by a death yak

Levels and vault maps discovered:
D:1:      minmay_arrival_three_doors, layout_loops_ring, minmay_split_cup_small
D:2:      layout_rooms
D:3:      layout_loops_corners, minmay_overflow_temple_star_hex,
          serial_aquarium, aquarium_bridge_square [aquarium_subvault_wall,
          aquarium_subvault_bridge, aquarium_subvault_bridge,
          aquarium_subvault_window], aquarium_bridge_long_separate
          [aquarium_subvault_window, aquarium_subvault_wall,
          aquarium_subvault_bridge, aquarium_subvault_bridge,
          aquarium_subvault_window, aquarium_subvault_bridge],
          aquarium_window_corridor_1, aquarium_window_fake,
          aquarium_window_fake, aquarium_window_fake, aquarium_view_2c,
          aquarium_view_2a, uniq_ijyb
D:4:      layout_basic, minmay_temple_entry_mini_moons, serial_shops,
          nicolae_shop_just_a_little_nook, eino_small_chamber_without_monster,
          kennysheep_cross_bottleneck, nrook_mini_vaults,
          ebering_dispersal_statue_hall
D:5:      layout_basic
D:6:      layout_rooms, cheibrodos_sewer_entry_bend, wad_rectangle_vault
D:7:      layout_loops_ring
D:8:      layout_basic, mainiacjoe_overflow_surrounded_room,
          ebering_ghost_gozag, uniq_erica
D:9:      layout_layer_cave, uniq_harold
D:10:     layout_long_grid, worldfamousw_hep_ancestral_shrine,
          due_lair_maze_entry_diamond, minmay_parallelograms,
          minmay_misc_feat_four_crosses, minmay_rotating_lava
Temple:   nicolae_temple_no_exploring_needed
Lair:1:   layout_gridlike, lemuel_old_faithful
Lair:2:   dragon1_lemuel, layout_cave_pods
Lair:3:   layout_regular_city, minmay_swamp_entry_reptiles,
          nicolae_spider_entry_non_spiders, gammafunk_ghost_icy

Skill      XL: |  1  2  3  4  5  6  7  8  9 10 11 12 |
---------------+-------------------------------------+-----
Axes           | 2 3 11 12 13 | 13.1
Dodging        | 1 2 |  2.1
Fighting       | 4 5 6 8 9 10 | 10.0
Armour         | 4 5 6 7 8 9 |  9.0
Invocations    | 1 4 8 10 | 10.0
Throwing       | 1 2 3 |  3.1
Shields        | 4 5 6 |  6.0

Action                     |  1- 3 |  4- 6 |  7- 9 | 10-12 || total
---------------------------+-------+-------+-------+-------++-------
  Melee: War axe           |   133 |    78 |   256 |       ||   467
         Broad axe         |       |       |    30 |   289 ||   319
         Kick              |       |       |       |    76 ||    76
         Morningstar       |       |       |       |     3 ||     3
  Throw: Boomerang         |       |       |    45 |    88 ||   133
         Javelin           |       |       |     4 |    20 ||    24
 Invoke: Heroism           |       |       |    10 |    19 ||    29
    Use: Scroll            |     4 |     9 |     5 |    11 ||    29
         Potion            |     1 |     5 |     3 |     5 ||    14
 Armour: Scale mail        |    71 |       |       |       ||    71
         Chain mail        |       |    32 |    82 |       ||   114
         Plate armour      |       |       |   104 |   306 ||   410
         Skin              |       |       |       |     1 ||     1
  Dodge: Dodged            |    53 |    22 |    90 |   143 ||   308
  Block: Buckler           |    18 |     9 |    64 |    92 ||   183

Table legend:
 A = Non-vault XP
 B = Vault XP
 C = Vault XP percentage of total XP
 D = Non-vault monster count
 E = Vault monster count
 F = Vault count percentage of total count
                 A         B        C        D         E       F
            +---------+---------+-------+---------+---------+-------
      Total |   22046 |    6259 |  22.1 |     203 |      63 |  23.7
            +---------+---------+-------+---------+---------+-------
        D:1 |      44 |       5 |  10.2 |      26 |       3 |  10.3
        D:2 |      21 |       0 |   0.0 |      11 |       0 |   0.0
        D:3 |      28 |      36 |  56.2 |       8 |       1 |  11.1
        D:4 |     181 |       0 |   0.0 |      16 |       0 |   0.0
        D:5 |     659 |       0 |   0.0 |      10 |       0 |   0.0
        D:6 |     836 |     252 |  23.2 |      17 |       8 |  32.0
        D:7 |    1422 |       0 |   0.0 |      18 |       0 |   0.0
        D:8 |     745 |     842 |  53.1 |       9 |       1 |  10.0
        D:9 |    2298 |     868 |  27.4 |      22 |       1 |   4.3
       D:10 |    1864 |    1408 |  43.0 |      15 |      11 |  42.3
     Lair:1 |    3990 |       0 |   0.0 |      17 |       0 |   0.0
     Lair:2 |    5481 |     897 |  14.1 |      17 |       1 |   5.6
     Lair:3 |    4477 |    1680 |  27.3 |      17 |      12 |  41.4
      Sewer |       0 |     271 | 100.0 |       0 |      25 | 100.0
            +---------+---------+-------+---------+---------+-------
